AoeStats
← TheWolf

Nomad

503666681Analyzed
4v4 RM · 1mo ago on Sep 1, 2026· 56m 41s· 8 players
Game mode
Random Map
Map size
231×231
Population
200
Speed
Normal
Resources
Standard
Victory
Conquest
Starting age
Dark Age
Ending age
Imperial Age
RankedLock teamsTeams togetherTeam positionsShared explorationLock speedFull tech treeHidden civsTurbo modeCheats
Victory
Defeat
🇲🇽 Spanish · Mexico
763
+11
🇩🇪 Poles · Germany
759
+11
🇩🇪 Vikings · Germany
607
+18
🇩🇪 Chinese · Germany
525
+21
🇪🇸 Burgundians · Spain
689
-17
🇫🇷 Chinese · France
676
-17
🇧🇪 Byzantines · Belgium
625
-14
🇹🇷 Huns · Türkiye
570
-12
DOLAR2305
3:45 Loom
9:52 Fishing Lines
12:34 Double-Bit Axe
15:08 Wheelbarrow
15:51 Gold Mining
15:52 Stone Mining
20:29 Feudal Age
21:28 Bow Saw
21:37 Hand Cart
22:06 Gold Shaft Mining
22:07 Stone Shaft Mining
21:38 Gillnets
27:50 Castle Age
27:27 Forging
27:18 Scale Mail Armor
27:25 Scale Barding Armor
29:15 Horse Collar
31:24 Two-Man Saw
30:00 Cavalier
30:41 Husbandry
30:05 Light Cavalry
31:23 Iron Casting
31:09 Chain Barding Armor
38:09 Imperial Age
40:03 Paladin
41:08 Conscription
43:18 Blast Furnace
42:54 Plate Barding Armor
42:37 Squires
43:27 Town Watch
44:40 Man-at-Arms
44:42 Pikeman
46:31 Chemistry
45:13 Treadmill Crane
46:10 Capped Ram
46:15 Long Swordsman
46:59 Scale Mail Armor
47:32 Bombard Tower
46:54 Treadmill Crane
48:01 Two-Handed Swordsman
48:27 Arson
52:21 Hussar
53:43 Elite Skirmisher
54:13 Champion
TheWolf
4:31 Loom
15:53 Feudal Age
17:15 Wheelbarrow
16:26 Town Watch
18:47 Fishing Lines
21:46 Man-at-Arms
25:03 Castle Age
23:33 Double-Bit Axe
23:33 Horse Collar
23:56 Stone Mining
26:05 Hand Cart
28:31 Heavy Plow
28:44 Bow Saw
29:04 Gillnets
30:36 Stone Shaft Mining
29:52 Gold Mining
30:50 Town Patrol
33:47 Gold Shaft Mining
33:17 Great Wall
33:39 Pikeman
33:40 Man-at-Arms
34:21 Squires
34:06 Arson
36:00 Fervor
36:09 Long Swordsman
39:31 Imperial Age
36:25 Long Swordsman
36:32 Elite Skirmisher
37:54 Crossbowman
38:40 Thumb Ring
39:07 Fletching
39:23 Padded Archer Armor
39:35 Forging
39:26 Scale Mail Armor
40:01 Bloodlines
39:37 Cavalier
41:17 Conscription
41:01 Husbandry
40:32 Two-Handed Swordsman
41:05 Light Cavalry
41:42 Halberdier
44:01 Caravan
44:09 Sappers
49:15 Champion
49:16 Elite Fire Lancer
49:18 Arbalester
51:51 Ballistics
51:27 Murder Holes
51:45 Masonry
51:46 Fortified Wall
51:27 Guard Tower
51:50 Careening
53:46 Bodkin Arrow
54:08 Leather Archer Armor
54:28 Iron Casting
53:59 Scale Barding Armor
54:09 Chain Mail Armor
Sir Loie
13:41 Loom
17:53 Feudal Age
18:25 Horse Collar
22:09 Arson
22:34 Scale Barding Armor
22:30 Scale Mail Armor
26:30 Wheelbarrow
27:45 Man-at-Arms
31:57 Castle Age
32:02 Double-Bit Axe
32:17 Gold Mining
33:14 Hand Cart
32:57 Pikeman
33:39 Squires
33:58 Chain Mail Armor
34:54 Gambesons
34:31 Elite Skirmisher
35:50 Heavy Plow
35:58 Padded Archer Armor
35:49 Fletching
36:54 Stone Mining
37:43 Fishing Lines
41:02 Murder Holes
42:57 Gillnets
46:42 Imperial Age
47:56 Plate Mail Armor
47:42 Leather Archer Armor
47:34 Scale Barding Armor
55:42 Caravan
pinkmann
17:18 Feudal Age
17:44 Double-Bit Axe
18:30 Fishing Lines
20:54 Gold Mining
20:55 Stone Mining
24:56 Castle Age
23:05 Horse Collar
26:39 Gillnets
29:16 Gold Shaft Mining
29:02 Caravan
31:30 Bloodlines
40:10 Imperial Age
39:16 Wheelbarrow
39:54 Scale Barding Armor
40:01 Forging
39:47 Fletching
40:23 Ballistics
40:41 Cavalier
42:40 Chemistry
43:22 Chain Barding Armor
43:37 Iron Casting
45:03 Paladin
54:10 Hand Cart
Señor_Bingus
4:04 Loom
16:14 Feudal Age
20:47 Castle Age
19:49 Horse Collar
19:59 Double-Bit Axe
21:06 Bloodlines
23:53 Forging
25:17 Scale Barding Armor
30:38 Wheelbarrow
29:48 Town Watch
33:31 Man-at-Arms
33:54 Crossbowman
37:01 Long Swordsman
38:27 Iron Casting
38:13 Chain Barding Armor
37:54 Scale Mail Armor
38:04 Husbandry
44:01 Chain Mail Armor
43:49 Squires
43:34 Arson
43:10 Pikeman
45:02 Thumb Ring
49:19 Szlachta Privileges
58:21 Imperial Age
Laulipauliquappenkauli
16:01 Feudal Age
24:56 Castle Age
22:53 Double-Bit Axe
23:02 Gold Mining
26:21 Padded Archer Armor
26:12 Fletching
29:22 Bow Saw
31:23 Leather Archer Armor
36:19 Imperial Age
33:26 Crossbowman
35:29 Wheelbarrow
36:31 Hand Cart
36:53 Thumb Ring
36:36 Arbalester
39:03 Bodkin Arrow
39:05 Heated Shot
43:18 Gold Shaft Mining
42:34 Stone Mining
43:20 Ring Archer Armor
44:06 Chemistry
43:32 Bracer
53:00 Heavy Cavalry Archer
kalixilian
11:07 Loom
14:14 Feudal Age
14:52 Double-Bit Axe
15:01 Horse Collar
21:56 Castle Age
19:57 Fishing Lines
24:37 Bow Saw
25:35 Gold Mining
25:35 Stone Mining
25:54 Gillnets
26:31 Elite Skirmisher
31:05 Forging
30:57 Scale Mail Armor
35:21 Imperial Age
34:16 Iron Casting
33:57 Chain Mail Armor
35:16 Chieftains
36:25 Elite Berserk
38:22 Blast Furnace
43:57 Plate Mail Armor
47:11 Ballistics
54:40 Squires
54:26 Gambesons
54:36 Arson
JANROD2944
12:30 Loom
19:41 Feudal Age
21:30 Wheelbarrow
21:28 Double-Bit Axe
21:27 Fishing Lines
23:59 Bloodlines
26:58 Castle Age
25:52 Horse Collar
26:38 Stone Mining
26:41 Gold Mining
28:17 Bow Saw
27:44 Light Cavalry
28:27 Husbandry
30:22 Hand Cart
30:56 Heavy Plow
30:49 Gillnets
31:10 Town Watch
32:31 Murder Holes
32:57 Ballistics
35:10 Stone Shaft Mining
35:28 Caravan
35:33 Town Patrol
40:53 Imperial Age
41:08 Hussar
43:24 Chemistry
42:39 Forging
42:34 Scale Barding Armor
43:49 Two-Man Saw
43:47 Elite Conquistador
50:05 Iron Casting
49:50 Chain Barding Armor
54:06 Blast Furnace
53:42 Plate Barding Armor
Connection lost

Rejoining the realm…

Still unreachable

The connection could not be restored.

Session expired

The server has moved on; the page needs a fresh start.